AoeStats
← Goku_San

Arena

509292672Analyzed
3v3 RM · 6d ago on Sep 26, 2026· 30m 59s· 6 players
Game mode
Random Map
Map size
Normal (6 player)
Population
200
Speed
Normal
Resources
Standard
Victory
Conquest
Starting age
Dark Age
Ending age
Imperial Age
RankedLock teamsTeams togetherTeam positionsShared explorationLock speedFull tech treeHidden civsTurbo modeCheats
Victory
Defeat
🇨🇳 Wei · China
1302
+14
🇨🇳 Khmer · China
1234
+17
🇨🇳 Cumans · China
1227
+17
🇮🇱 Hindustanis · Israel
1332
-18
🇺🇸 Italians · United States
1242
-16
🇹🇼 Danes · Taiwan
1195
-14
哈偶纳尼
11:10 Feudal Age
14:56 Castle Age
12:58 Double-Bit Axe
13:28 Horse Collar
17:15 Gold Mining
20:03 Bow Saw
21:28 Tuntian
22:39 Wheelbarrow
22:20 Fletching
23:32 Bodkin Arrow
24:33 Padded Archer Armor
27:09 Ballistics
28:51 Leather Archer Armor
30:08 Thumb Ring
30:05 Husbandry
30:17 Bloodlines
XY
8:21 Feudal Age
9:20 Double-Bit Axe
9:17 Horse Collar
20:01 Castle Age
18:49 Scale Barding Armor
18:56 Forging
19:00 Gold Mining
19:45 Bloodlines
20:58 Capped Ram
26:45 Wheelbarrow
27:46 Hand Cart
28:26 Loom
29:04 Chain Barding Armor
31:26 Iron Casting
XZ.Lumber.AX
3:01 Loom
11:34 Feudal Age
14:46 Castle Age
13:03 Double-Bit Axe
13:03 Horse Collar
14:01 Stone Mining
15:47 Bow Saw
15:51 Heavy Plow
22:17 Gold Mining
23:41 Wheelbarrow
25:14 Gold Shaft Mining
28:47 Imperial Age
26:34 Hand Cart
27:15 Stone Shaft Mining
sbr
0:28 Loom
10:43 Feudal Age
11:57 Feudal Age
15:53 Castle Age
14:00 Double-Bit Axe
15:38 Stone Mining
17:12 Bow Saw
16:50 Horse Collar
25:03 Fletching
25:13 Padded Archer Armor
26:30 Bodkin Arrow
26:51 Leather Archer Armor
27:45 Wheelbarrow
28:01 Forging
Goku_San
9:25 Feudal Age
9:55 Double-Bit Axe
11:16 Loom
14:33 Castle Age
13:38 Horse Collar
22:15 Wheelbarrow
21:58 Bow Saw
22:05 Heavy Plow
22:07 Gold Mining
22:12 Stone Mining
24:54 Gold Shaft Mining
25:08 Fletching
25:56 Bodkin Arrow
26:09 Scale Barding Armor
26:57 Bloodlines
26:48 Husbandry
bluemountain
9:39 Feudal Age
14:04 Castle Age
12:13 Double-Bit Axe
14:39 Town Watch
14:42 Loom
16:14 Squires
16:11 Arson
18:57 Gambesons
19:58 Fletching
22:18 Scale Mail Armor
26:28 Wheelbarrow
27:51 Chain Mail Armor
28:54 Forging
30:45 Iron Casting
Connection lost

Rejoining the realm…

Still unreachable

The connection could not be restored.

Session expired

The server has moved on; the page needs a fresh start.